 Dungeon Crawl Stone Soup version 0.27-a0-1217-g8a41f320e8 (webtiles) character file.

Game seed: 2076507089997556475

3588 EldarEldrad the Destroyer (level 9, 0/45 HPs)
             Began as a Deep Elf Fire Elementalist on June 6, 2021.
             Was a Follower of Vehumet.
             Killed from afar by Harold (18 damage)
             ... with a harpoon shot
             ... on level 8 of the Dungeon.
             The game lasted 00:43:04 (10257 turns).

EldarEldrad the Destroyer (DEFE)                   Turns: 10257, Time: 00:43:04

Health: 0/45       AC:  6    Str:  5    XL:     9   Next: 85%
Magic:  10/24      EV: 13    Int: 24    God:    Vehumet [*.....]
Gold:   162        SH:  0    Dex: 18    Spells: 14/27 levels left

rFire    + . .     SeeInvis .   J - +0 dagger (venom)
rCold    + . .     Faith    .   (no shield)
rNeg     . . .     Spirit   .   l - +2 robe {rC+ rF+}
rPois    .         Reflect  .   (no helmet)
rElec    .         Harm     .   s - +0 cloak {Will+}
rCorr    .         Rampage  .   t - +0 pair of gloves
Will     ++...                  (no boots)
Stlth    ++........             (no amulet)
HPRegen  0.15/turn              y - ring of Qojah {Will+ Dex+3}
MPRegen  0.19/turn              f - ring of wizardry

@: no status effects
A: no striking features
a: Renounce Religion


You were on level 8 of the Dungeon.
You worshipped Vehumet.
Vehumet was aware of your devotion.
You visited 2 branches of the dungeon, and saw 9 of its levels.

You collected 460 gold pieces.
You spent 298 gold pieces at shops.

Inventory:

Hand Weapons
 J - a +0 dagger of venom (weapon)
Missiles
 g - 16 atropa-tipped darts
 h - 54 poisoned darts
 p - 2 throwing nets
 w - 2 boomerangs of dispersal
 G - a curare-tipped dart
Armour
 l - a +2 robe of resistance (worn)
 s - a +0 cloak of willpower (worn)
 t - a +0 pair of gloves (worn)
Jewellery
 c - a ring of flight
 f - a ring of wizardry (right hand)
 u - a ring of poison resistance
 y - the ring of Qojah (left hand) {Will+ Dex+3}
   (You took it off an orc priest on level 5 of the Dungeon)

   [ring of willpower]

   It affects your dexterity (+3).
   It increases your willpower.
 z - the ring "Mauciaw" {Ice rElec SInv}
   (You found it on level 5 of the Dungeon)

   [ring of ice]

   It enhances your ice magic.
   It makes you vulnerable to fire.
   It protects you from cold.
   It insulates you from electricity.
   It lets you see invisible.
Wands
 o - a wand of flame (12)
 H - a wand of paralysis (8)
Scrolls
 a - a scroll of enchant armour {unknown}
 i - 4 scrolls of teleportation
 k - a scroll of blinking {unknown}
 n - 2 scrolls of noise {unknown}
 q - a scroll of fog {unknown}
 A - a scroll of immolation {unknown}
 B - 2 scrolls of enchant weapon {unknown}
 C - 2 scrolls of magic mapping
 E - a scroll of amnesia {unknown}
 F - a scroll of vulnerability {unknown}
Potions
 d - a potion of haste
 e - 2 potions of curing
 j - 4 potions of heal wounds
 m - 2 potions of attraction
 v - a potion of lignification
 x - 2 potions of magic
 I - a potion of flight


   Skills:
 - Level 2.4 Dodging
 - Level 2.4 Stealth
 + Level 9.7 Spellcasting
 * Level 10.9 Conjurations
 + Level 8.4 Fire Magic


You had 14 spell levels left.
You knew the following spells:

 Your Spells              Type           Power      Damage    Failure   Level
a - Foxfire               Conj/Fire      100%       2x1d9     1%          1
b - Conjure Flame         Conj/Fire      55%        6-21      1%          3
c - Sticky Flame          Conj/Fire      55%        2d7       1%          4
d - Fireball              Conj/Fire      27%        3d12      1%          5

Your spell library contained the following spells:

 Spells                   Type           Power      Damage    Failure   Level
 Shock                    Conj/Air       100%       1d9       1%          1
 Ignite Poison            Fire/Tmut/Pois 25%        N/A       1%          3
 Inner Flame              Hex/Fire       32%        N/A       1%          3
 Mephitic Cloud           Conj/Pois/Air  29%        N/A       1%          3
 Freeze                   Ice            44%        1d6       2%          1
 Sting                    Tmut/Pois      44%        1d5       2%          1
 Hailstorm                Conj/Ice       37%        3d9       2%          4
 Poisonous Vapours        Pois/Air       22%        N/A       3%          2
 Frozen Ramparts          Ice            22%        1d4       6%          3
 Ozocubu's Armour         Ice            11%        N/A       6%          3
 Olgreb's Toxic Radiance  Pois           11%        N/A       21%         4
 Metabolic Englaciation   Hex/Ice        5%         N/A       50%         5


Dungeon Overview and Level Annotations

Branches:
Dungeon (8/15)             Temple (1/1) D:5
   Lair: D:8-11

Altars:
Ashenzari
Cheibriados
Dithmenos
Elyvilon
Fedhas
Gozag
Hepliaklqana
Kikubaaqudgha
Makhleb
Nemelex Xobeh
Okawaru
Qazlal
Ru
Sif Muna
Trog
Uskayaw
Vehumet
Wu Jian
Xom
Yredelemnul
Zin
The Shining One

Shops:
D:6 *

Annotations:
D:8 Harold


Message History

Found an escape hatch in the ceiling.
There is a stone staircase leading up here.
You now have 148 gold pieces (gained 13).
You now have 162 gold pieces (gained 14).
You see here a +0 quarterstaff.
Unknown command.
Harold the Weathered comes into view.
He is wielding a +0 dire flail and wearing a +3 ring mail of positive energy.
Press: ? - help, v - describe, . - travel
Here: Harold, wielding a +0 dire flail, wearing a +3 ring mail of positive energy and quivering 4 throwing nets (asleep)
The floor.
Casting: Foxfire (safe; 1% risk of failure)
Confirm with . or Enter, or press ? or * to list all spells.
Aiming: Fireball (dangerous; 1% risk of failure)
Press: ? - help, Shift-Dir - straight line, f - Harold
Aim: Harold, wielding a +0 dire flail, wearing a +3 ring mail of positive energy and quivering 4 throwing nets (asleep)
The fireball explodes!
The fireball engulfs Harold!!
Harold is moderately wounded.
Harold shouts!
You hear a bellow!
You hear a shout!
You hear a bellow!
You hear a shout! x8
Casting: Fireball (dangerous; 1% risk of failure)
Confirm with . or Enter, or press ? or * to list all spells.
Aiming: Fireball (dangerous; 1% risk of failure)
Press: ? - help, Shift-Dir - straight line, p - Harold The fireball explodes!
The fireball engulfs Harold!!
Harold is heavily wounded.
You hear a bellow!
You hear a shout!
Harold hits you with a +0 dire flail!
Casting: Fireball (dangerous; 1% risk of failure)
Confirm with . or Enter, or press ? or * to list all spells.
Aiming: Fireball (dangerous; 1% risk of failure)
Press: ? - help, Shift-Dir - straight line The fireball explodes!
The fireball engulfs Harold.
Harold is heavily wounded.
You hear a bellow!
You hear a shout! x2
An orc wizard comes into view. It is wielding a +0 dagger.
A yak comes into view.
Harold hits you with a +0 dire flail! Harold fires a harpoon shot at you.
The harpoon shot hits you!!
You die...

########### .
#.........#
..#..<......#
...........#
#o....<...#
#.....@...#
#........)#
#####@#####
#!.# ##.# .#
.# .# .#


You could see Harold and an orc wizard.

Vanquished Creatures
  A hydra (D:7)
  A steam dragon (D:7)
  An orc warrior (D:7)
  An ice beast (D:5)
  4 ogres
  3 sky beasts
  A centaur (D:5)
  A phantom (D:6)
  A kobold brigand (D:6)
  Blork the orc (D:4)
  5 scorpions
  A gnoll sergeant (D:6)
  2 bullfrogs
  A water moccasin skeleton (D:6)
  3 killer bees
  6 wights (D:7)
  3 hounds
  6 orc priests
  A centaur skeleton (D:7)
  A jelly (D:7)
  2 iguanas
  4 orc wizards
  A hound skeleton (D:4)
  4 gnolls (D:6)
  11 adders
  An ufetubus (D:6)
  3 worms
  2 dart slugs
  21 orcs
  9 endoplasms
  3 giant cockroaches
  7 hobgoblins
  15 jackals
  7 quokkas
  4 ball pythons
  9 bats
  A frilled lizard (D:2)
  6 goblins
  15 kobolds
  4 rats
  A spectral kobold (D:4)
174 creatures vanquished.

Vanquished Creatures (others)
  647 foxfires
647 creatures vanquished.

Grand Total: 821 creatures vanquished

Notes
Turn   | Place    | Note
-------+----------+-------------------------------------------
     0 | D:1      | EldarEldrad the Deep Elf Fire Elementalist began the quest
                  | for the Orb.
     0 | D:1      | Reached XP level 1. HP: 10/10 MP: 6/6
   268 | D:1      | Reached XP level 2. HP: 15/15 MP: 6/8
   294 | D:1      | Reached skill level 2 in Conjurations
   659 | D:1      | Reached XP level 3. HP: 14/19 MP: 0/10
   764 | D:1      | Learned a level 3 spell: Conjure Flame
   770 | D:1      | Found a faded altar of an unknown god.
  1397 | D:2      | Reached skill level 3 in Conjurations
  1730 | D:2      | Reached XP level 4. HP: 24/24 MP: 8/11
  2346 | D:2      | Learned a level 4 spell: Sticky Flame
  2823 | D:3      | Reached XP level 5. HP: 28/28 MP: 8/13
  2885 | D:3      | Reached skill level 4 in Conjurations
  2918 | D:3      | Learned a level 5 spell: Fireball
  4252 | D:4      | Found a shadowy altar of Dithmenos.
  4435 | D:4      | Found a snail-covered altar of Cheibriados.
  4435 | D:4      | Found a hide-covered altar of Uskayaw.
  4571 | D:4      | Noticed Blork the orc
  4583 | D:4      | Killed Blork the orc
  4584 | D:4      | Reached skill level 5 in Spellcasting
  4584 | D:4      | Reached XP level 6. HP: 15/32 MP: 8/15
  4986 | D:4      | Reached skill level 5 in Conjurations
  5223 | D:4      | Reached skill level 5 in Fire Magic
  5275 | D:4      | Found a hazy altar of Hepliaklqana.
  5481 | D:5      | Entered Level 5 of the Dungeon
  6030 | D:4      | Reached XP level 7. HP: 11/36 MP: 9/17
  6340 | D:5      | Reached skill level 6 in Conjurations
  6588 | D:5      | Reached skill level 7 in Conjurations
  6651 | D:5      | Identified the ring of Qojah {Will+ Dex+3}
  6782 | D:5      | Found a blossoming altar of Fedhas.
  6816 | D:5      | Reached XP level 8. HP: 41/41 MP: 15/20
  7108 | D:5      | Identified the ring "Mauciaw" {Ice rElec SInv}
  7194 | D:5      | Found a staircase to the Ecumenical Temple.
  7442 | Temple   | Entered the Ecumenical Temple
  7717 | Temple   | Became a worshipper of Vehumet
  7747 | D:6      | Found Xifrurph's Assorted Antiques.
  7778 | D:6      | Reached skill level 8 in Conjurations
  7828 | D:6      | Bought an onyx ring for 120 gold pieces
  7828 | D:6      | Bought a scroll labelled GUOBRU ERCHIMIW for 24 gold pieces
  7828 | D:6      | Bought an embroidered robe for 88 gold pieces
  8324 | D:6      | Reached skill level 9 in Conjurations
  8391 | D:6      | Found a glowing silver altar of Zin.
  8734 | D:6      | Found a bloodstained altar of Trog.
  8734 | D:6      | Found a shimmering blue altar of Sif Muna.
  8739 | D:6      | Found an opulent altar of Gozag.
  8741 | D:6      | Found a faded altar of an unknown god.
  8742 | D:6      | Found a basalt altar of Yredelemnul.
  8747 | D:6      | Reached XP level 9. HP: 45/45 MP: 19/23
  8809 | D:6      | Bought a scroll labelled TOULOB DOISHU for 24 gold pieces
  8809 | D:6      | Bought a silvery potion for 21 gold pieces
  8809 | D:6      | Bought a golden potion for 21 gold pieces
  8987 | D:7      | Reached * piety under Vehumet
  8987 | D:7      | Offered knowledge of Shock by Vehumet.
  9283 | D:7      | Reached skill level 10 in Conjurations
  9800 | D:7      | Noticed an eight-headed hydra
  9805 | D:7      | Killed an eight-headed hydra
 10252 | D:8      | Noticed Harold
 10257 | D:8      | Killed from afar by Harold

Illustrated notes

Levels and vault maps discovered:
D:1:      eino_arrival_cavern_b, layout_rooms, chequers_ecumenical_altar_simple,
          st_stairs_6
D:2:      layout_rooms, fountainhead, minmay_pentomino_u4
D:3:      layout_basic, kennysheep_generic_room_2
D:4:      layout_loops_ring, nicolae_hepliaklqana_monster_ancestors,
          nicolae_dithmenos_through_a_glass_darkly,
          gammafunk_temple_overflow_wave, uniq_blork_the_orc
D:5:      layout_cave_pools, fedhas_bush_and_centaur_altar, temple_doors_e,
          kennysheep_nondescript
D:6:      layout_rooms, chequers_temple_overflow_minitemple,
          overflow_temple_1_default, serial_shops, shop,
          amcnicky_mini_pool_small, minmay_misc_feat_square
D:7:      layout_loops_cross, st_stairs_4
D:8:      layout_rooms, serial_shops, nicolae_shop_statue_plus, uniq_harold
Temple:   hc_temple_tempest_star

Skill      XL: |  1  2  3  4  5  6  7  8  9 |
---------------+----------------------------+-----
Conjurations   | 2 3 4 5 7 9 10 | 10.9
Spellcasting   | 4 5 6 8 9 |  9.7
Fire Magic     | 4 5 6 7 8 |  8.4
Dodging        | |  2.4
Stealth        | |  2.4

Action                   |  1- 3 |  4- 6 |  7- 9 || total
-------------------------+-------+-------+-------++-------
Melee: Dagger            |     2 |     9 |     4 ||    15
Throw: Dart              |       |     4 |     1 ||     5
 Cast: Foxfire           |    75 |   130 |   176 ||   381
       Fireball          |       |       |    20 ||    20
  Use: Scroll            |       |     5 |     6 ||    11
Armor: Robe              |     7 |     4 |    18 ||    29
Dodge: Dodged            |    29 |    25 |    31 ||    85

Table legend: (Time is in decaauts)
 A = Elapsed time spent in this place.
 B = Non-inter-level travel time spent in this place.
 C = Inter-level travel time spent in this place.
 D = Time resting spent in this place.
 E = Time spent auto-exploring this place.
 F = Levels seen in this place.
 G = Mean time per level.
                   A        B        C        D        E       F      G
               +--------+--------+--------+--------+--------+-----+--------+
         Total |  10259 |   9791 |    468 |   3832 |   4074 |   9 | 1139.9 |
       Dungeon |   9976 |   9516 |    460 |   3832 |   3830 |   8 | 1247.0 |
        Temple |    282 |    274 |      8 |      0 |    244 |   1 |  282.0 |
               +--------+--------+--------+--------+--------+-----+--------+

Top non-repeatable levels by time:
     D:4: 2082 daAuts
     D:3: 1600 daAuts
     D:2: 1390 daAuts
     D:6: 1348 daAuts
     D:1: 1274 daAuts
     D:7: 1147 daAuts
     D:5: 1118 daAuts
  Temple: 282 daAuts
     D:8: 14 daAuts
